 Seeded DCSS version 0.29-a0-72-g1732ff48e7 (webtiles) character file.

Game seed: 10000000000011 (custom seed)

24086 knot the Severer (level 12, 13/81 HPs)
             Began as a Demonspawn Berserker on Feb 4, 2022.
             Was a Priest of Trog.
             Quit the game on level 3 of the Lair of Beasts.
             The game lasted 00:29:50 (21432 turns).

knot the Severer (Demonspawn Berserker)            Turns: 21432, Time: 00:29:51

Health: 13/81      AC: 14    Str: 17    XL:     12   Next: 77%
Magic:  14/22      EV:  8    Int: 18    God:    Trog [***...]
Gold:   412        SH:  5    Dex: 14    Spells: 11/11 levels left

rFire   . . .      SeeInvis .   M - +3 hand axe
rCold   + . .      Faith    .   (no shield)
rNeg    . . .      Spirit   +   J - +1 chain mail of Urghimes {Fly rPois rC+ Slay-2 Stlth+}
rPois   +          Reflect  +   y - +3 hat of Pondering {ponderous, Will+ MP+10 Int+5}
rElec   .          Harm     .   I - +1 cloak {Stlth+}
rCorr   .          Rampage  .   (gloves unavailable)
Will    ++...                   (no boots)
Stlth   +.........              d - amulet of reflection
HPRegen 0.23/turn               B - ring of willpower
MPRegen 0.36/turn               (no ring)

@: mildly poisoned (13 -> 13), on berserk cooldown, flying, slowed, very slow
A: powered by death 1, magic shield, magic regeneration, magic link, sturdy
frame 1, demonic touch 3
a: Renounce Religion, Berserk, Trog's Hand


You were on level 3 of the Lair of Beasts.
You worshipped Trog.
Trog was most pleased with you.
You visited 2 branches of the dungeon, and saw 13 of its levels.

You collected 752 gold pieces.
You spent 340 gold pieces at shops.

Inventory:

Hand Weapons
 u - a +3 scimitar of flaming
 A - a +0 battleaxe of chaos
 M - a +3 hand axe (weapon)
Missiles
 g - 278 stones
 i - 4 poisoned darts
 p - 8 boomerangs (quivered)
 t - 22 sling bullets
 z - a throwing net
 E - a curare-tipped dart
Armour
 k - +0 acid dragon scales
 r - a +2 robe of fire resistance
 y - the +3 hat of Pondering (worn) {ponderous, Will+ MP+10 Int+5}
   (You found it on level 8 of the Dungeon)

   Int:       It affects your intelligence (+5).
   MP:        It affects your magic capacity (+10).
   Will:      It increases your willpower.
 C - a +2 robe of cold resistance
 I - a +1 cloak of stealth (worn)
 J - the +1 chain mail of Urghimes (worn) {Fly rPois rC+ Slay-2 Stlth+}
   (You bought it in a shop on level 3 of the Dungeon)

   Slay:      It affects your accuracy & damage with ranged weapons and melee
   (-2).
   rC:        It protects you from cold.
   rPois:     It protects you from poison.
   Fly:       It grants you flight.
   Stlth:     It makes you more stealthy.
Jewellery
 d - an amulet of reflection (around neck)
 q - the ring of Amorality {rElec rPois rF+ Str+4 Stlth-}
   (You acquired it on level 3 of the Lair of Beasts)

   [ring of protection from fire]

   Str:       It affects your strength (+4).
   rF:        It protects you from fire.
   rElec:     It insulates you from electricity.
   rPois:     It protects you from poison.
   Stlth:     It makes you less stealthy.
 w - an amulet of the acrobat
 B - a ring of willpower (left hand)
 L - a ring of resist corrosion
 N - a +6 ring of dexterity
Wands
 f - a wand of flame (28)
 h - a wand of charming (5)
 o - a wand of polymorph (10)
 s - a wand of iceblast (17)
 F - a wand of paralysis (1)
Scrolls
 b - 2 scrolls of holy word
 c - 2 scrolls of amnesia
 l - 2 scrolls of teleportation
 m - 4 scrolls of blinking
 n - 2 scrolls of fog
 D - a scroll of magic mapping
 G - a scroll of torment
Potions
 a - a potion of attraction
 e - 7 potions of curing
 j - a potion of brilliance
 v - a potion of resistance
 x - a potion of flight {unknown}
 O - a potion of cancellation {unknown}


   Skills:
 - Level 3.0 Fighting
 * Level 17.0 Axes
 * Level 10.4 Throwing
 - Level 1.7 Armour
 - Level 1.7 Dodging


You had 11 spell levels left.
You didn't know any spells.
Your spell library contained the following spells:

 Spells                   Type           Power      Damage    Failure   Level
 Pain                     Necr           0%         1d4       87%         1
 Sandblast                Erth           0%         2d4       87%         1
 Corpse Rot               Necr/Air       0%         N/A       95%         2
 Ensorcelled Hibernation  Hex/Ice        0%         N/A       95%         2
 Passwall                 Tmut/Erth      0%         N/A       95%         2
 Poisonous Vapours        Pois/Air       0%         N/A       95%         2
 Ozocubu's Armour         Ice            0%         N/A       99%         3
 Stone Arrow              Conj/Erth      0%         3d7       99%         3
 Summon Guardian Golem    Hex/Summ       0%         N/A       99%         3
 Swiftness                Air            0%         N/A       99%         3
 Tukima's Dance           Hex            0%         N/A       99%         3
 Anguish                  Hex/Necr       0%         N/A       100%        4
 Agony                    Necr           0%         N/A       100%        5
 Excruciating Wounds      Necr           0%         N/A       100%        5
 Metabolic Englaciation   Hex/Ice        0%         N/A       100%        5
 Simulacrum               Ice/Necr       0%         N/A       100%        6
 Enfeeble                 Hex            0%         N/A       100%        7
 Orb of Destruction       Conj           0%         9d5       100%        7
 Spellforged Servitor     Conj/Summ      0%         N/A       100%        7


Dungeon Overview and Level Annotations

Branches:
Dungeon (10/15)            Temple (0/1) D:4            Lair (3/6) D:9
  Swamp (0/4) Lair:2       Spider (0/4) Lair:3
    Orc: D:9-12

Altars:
Okawaru
Ru
Uskayaw

Shops:
D:3 [   D:8 :

Annotations:
D:8 2 runed translucent doors, knot's ghost, novice DsBe
Lair:3 Caeppaus's ghost, journeyman GrFi; Xetequo's ghost, journeyman MiFi


Innate Abilities, Weirdness & Mutations

You regenerate a little health from kills.
When hurt, damage is shared between your health and your magic reserves.
You regenerate magic rapidly.
When low on magic, you restore magic in place of health.
Your movements are slightly less encumbered by armour. (ER -2)
Your touch may irresistibly damage your foes and sap their willpower.


Message History

You hit Caeppaus's ghost but do no damage.
Caeppaus's ghost is heavily damaged.
You barely miss Xetequo's ghost. You slash Caeppaus's ghost!
Your touch misses Caeppaus's ghost.
Caeppaus's ghost is heavily damaged.
You hit Xetequo's ghost but do no damage.
You are no longer berserk.
You are exhausted.
You feel yourself slow down. Xetequo's ghost barely misses you.
Caeppaus's ghost hits you but does no damage.
Okay, then.
Okay, then.
You feel the effects of Trog's Hand fading.
Xetequo's ghost lets out a mournful wail.
You hit Xetequo's ghost but do no damage.
Xetequo's ghost is severely damaged.
Xetequo's ghost hits you.
Xetequo's ghost says very slowly, "There's no hope."
Caeppaus's ghost says, "First you will suffer, then you will die."
Xetequo's ghost hits you.
Your skin stops crawling.
You feel less strong-willed.
Xetequo's ghost ripples.
Caeppaus's ghost hits you.
You are poisoned.
You block Xetequo's ghost's attack.
You feel very sick.
You feel very sick.
Xetequo's ghost screams in joy, "As in life, so in death: Kill!
Kill!!
Kill!!!"
Caeppaus's ghost hits you.
* * * LOW HITPOINT WARNING * * *
Xetequo's ghost hits you but does no damage.
You feel sick.
You feel sick. Xetequo's ghost hits you!
* * * LOW HITPOINT WARNING * * *
Caeppaus's ghost hits you but does no damage.
There is a stone staircase leading up here.
You feel sick. Xetequo's ghost hits you.
* * * LOW HITPOINT WARNING * * *
You block Caeppaus's ghost's attack.
Are you sure you want to abandon this character and quit the game? (Confirm with "yes".)

######## ##.#...#.## ##........
##=.⌠..## #####.##.# ##.......
#8.....8############ #.......
........!#.#.## ##.......
.........#....###########........
⌠.......⌠#.......................
.........#.......................
###'''####.....W.................
...............W@P..##...........
#................#####...........
.###.............####...#........
P# ####........####....###.......
## ##.P..P######...###P>..>... .#
#..P######.^..## ##P...... .#
##.## #P......## ##P...÷# .##
#######.......# #####.# ..##
###.##.......##########.#


You could see Caeppaus's ghost and Xetequo's ghost.

Vanquished Creatures
  Snorg (Lair:3)
  3 hydras
  Harold (D:8)
  Erica (D:8)
  A two-headed ogre (D:8)
  8 elephants (Lair:3)
  2 black mambas
  Joseph (D:7)
  Maggie (Lair:1)
  9 cane toads
  5 komodo dragons
  A kobold demonologist (D:5)
  Prince Ribbit (D:8)
  9 blink frogs
  4 dream sheep (Lair:1)
  17 yaks
  2 basilisks
  An acid dragon (D:9)
  8 water moccasins
  3 orc warriors
  2 black bears
  A necrophage (D:6)
  An ice beast (D:7)
  23 wolves
  4 ogres
  A centaur (D:8)
  A phantom (D:6)
  A kobold brigand (D:7)
  6 scorpions
  2 wyvern zombies (D:7)
  7 bullfrogs
  A wyvern skeleton (D:7)
  8 killer bees (D:9)
  9 wights
  4 howler monkeys
  2 centaur zombies
  3 orc priests
  3 hounds
  2 jellies
  2 bullfrog skeletons
  3 centaur skeletons
  Ijyb (D:4)
  4 orc wizards
  A scorpion zombie (D:5)
  A river rat (D:4)
  7 adders
  A shadow imp (D:7)
  A white imp (D:5)
  20 orcs
  6 endoplasms
  2 giant cockroaches
  5 goblins
  5 hobgoblins
  14 jackals
  A quokka (D:4)
  4 ball pythons
  7 bats
  6 frilled lizards
  7 kobolds
  5 rats
263 creatures vanquished.

Vanquished Creatures (others)
  15 fungi
  6 plants
  6 withered plants (Lair:3)
27 creatures vanquished.

Grand Total: 290 creatures vanquished

Notes
Turn   | Place    | Note
-------+----------+-------------------------------------------
     0 | D:1      | knot the Demonspawn Berserker began the quest for the Orb.
     0 | D:1      | Reached XP level 1. HP: 18/18 MP: 1/1
   152 | D:1      | Reached skill level 3 in Axes
   291 | D:1      | Gained mutation: You regenerate magic rapidly. [demonic
                  | ancestry]
   291 | D:1      | Reached XP level 2. HP: 22/24 MP: 2/2
   802 | D:1      | Reached ** piety under Trog
  1121 | D:2      | Gained mutation: Your touch may inflict minor irresistible
                  | damage on your foes. [demonic ancestry]
  1121 | D:2      | Reached XP level 3. HP: 29/29 MP: 3/3
  1198 | D:2      | Reached skill level 4 in Axes
  1891 | D:2      | Reached XP level 4. HP: 18/35 MP: 4/4
  2585 | D:3      | Noticed an ogre
  2593 | D:3      | Killed an ogre
  2594 | D:3      | Reached skill level 5 in Axes
  2594 | D:3      | Reached XP level 5. HP: 41/41 MP: 5/5
  2851 | D:3      | Found Daocsar's Antique Armour Emporium.
  3527 | D:4      | Reached skill level 6 in Axes
  3798 | D:4      | Noticed Ijyb
  3806 | D:4      | Gained mutation: Your touch may inflict irresistible damage
                  | on your foes. [demonic ancestry]
  3806 | D:4      | Reached XP level 6. HP: 47/47 MP: 6/6
  3806 | D:4      | Noticed Duvessa
  3812 | D:4      | Killed Ijyb
  3822 | D:4      | Noticed Duvessa
  3822 | D:4      | Duvessa changed into Duvessa the river rat
  3841 | D:4      | Killed Duvessa the river rat
  3852 | D:4      | Noticed Dowan
  3855 | D:4      | Noticed Dowan
  3855 | D:4      | Dowan changed into Dowan the frilled lizard
  3864 | D:4      | Killed Dowan the frilled lizard
  4051 | D:4      | Found a staircase to the Ecumenical Temple.
  4325 | D:5      | Entered Level 5 of the Dungeon
  4334 | D:5      | Noticed a kobold demonologist
  4341 | D:5      | Noticed a ynoxinul
  4343 | D:5      | Killed a kobold demonologist
  4344 | D:5      | Reached skill level 7 in Axes
  4344 | D:5      | Gained mutation: When hurt, damage is shared between your
                  | health and your magic reserves. [demonic ancestry]
  4344 | D:5      | Reached XP level 7. HP: 52/52 MP: 7/7
  4580 | D:5      | Reached skill level 8 in Axes
  5494 | D:5      | Reached skill level 9 in Axes
  5494 | D:5      | Gained mutation: You regenerate a little health from kills.
                  | [demonic ancestry]
  5494 | D:5      | Reached XP level 8. HP: 58/58 MP: 8/8
  5707 | D:5      | Found a hide-covered altar of Uskayaw.
  6118 | D:6      | Reached skill level 10 in Axes
  7065 | D:6      | Found an iron altar of Okawaru.
  7399 | D:7      | Found a sacrificial altar of Ru.
  7541 | D:7      | Reached skill level 11 in Axes
  7722 | D:7      | Noticed Joseph
  7738 | D:7      | Killed Joseph
  7739 | D:7      | Gained mutation: Your touch may irresistibly damage your
                  | foes and sap their willpower. [demonic ancestry]
  7739 | D:7      | Reached XP level 9. HP: 52/63 MP: 5/9
  8551 | D:7      | Reached *** piety under Trog
  8757 | D:8      | Reached skill level 12 in Axes
  8777 | D:8      | Noticed a two-headed ogre
  8789 | D:8      | Killed a two-headed ogre
  9036 | D:8      | Found the +3 hat of Pondering {ponderous, Will+ MP+10
                  | Int+5}
  9043 | D:8      | Reached skill level 13 in Axes
  9080 | D:8      | Noticed Harold
  9101 | D:8      | Killed Harold
  9102 | D:8      | Reached XP level 10. HP: 70/70 MP: 10/10
  9200 | D:8      | Found Yhyquem's Self-Improvement Boutique.
  9517 | D:8      | Noticed Prince Ribbit
  9547 | D:8      | Killed Prince Ribbit
  9548 | D:8      | Reached skill level 1 in Throwing
  9660 | D:8      | Noticed Erica
  9673 | D:8      | Killed Erica
  9674 | D:8      | Reached skill level 14 in Axes
  9864 | D:8      | Found a large runed translucent door.
  9864 | D:8      | Found a large runed translucent door.
  9866 | D:8      | Noticed knot's ghost (novice DsBe)
 11150 | D:9      | Found a staircase to the Lair.
 11603 | D:10     | Entered Level 10 of the Dungeon
 11657 | Lair:1   | Entered Level 1 of the Lair of Beasts
 11667 | Lair:1   | Noticed a black mamba
 11685 | Lair:1   | Killed a black mamba
 12324 | Lair:1   | Noticed a cane toad
 12337 | Lair:1   | Killed a cane toad
 12757 | D:3      | Bought a runed cloak for 150 gold pieces
 12757 | D:3      | Bought an ichor-stained chain mail for 190 gold pieces
 12757 | D:3      | Identified the +1 chain mail of Urghimes {Fly rPois rC+
                  | Slay-2 Stlth+} (You bought it in a shop on level 3 of the
                  | Dungeon)
 13049 | Lair:1   | Reached skill level 5 in Throwing
 13049 | Lair:1   | Gained mutation: Your movements are slightly less
                  | encumbered by armour. (ER -2) [demonic ancestry]
 13049 | Lair:1   | Reached XP level 11. HP: 59/75 MP: 11/11
 14019 | Lair:1   | Noticed Maggie
 14033 | Lair:1   | Reached skill level 15 in Axes
 14035 | Lair:1   | Killed Maggie
 14331 | Lair:1   | Noticed a five-headed hydra
 14610 | Lair:2   | Found a staircase to the Swamp.
 14835 | Lair:2   | Reached **** piety under Trog
 15942 | Lair:1   | Killed a one-headed hydra
 16481 | Lair:2   | Gained mutation: When low on magic, you restore magic in
                  | place of health. [demonic ancestry]
 16481 | Lair:2   | Reached XP level 12. HP: 39/81 MP: 8/12
 16969 | Lair:2   | Reached skill level 16 in Axes
 17362 | Lair:2   | Noticed a six-headed hydra
 17377 | Lair:2   | Killed a one-headed hydra
 19454 | Lair:3   | Noticed Snorg
 19478 | Lair:3   | Killed Snorg
 19819 | Lair:3   | Found a hole to the Spider Nest.
 19827 | Lair:3   | Noticed a seven-headed hydra
 19850 | Lair:3   | Killed a two-headed hydra
 20473 | Lair:3   | Reached skill level 10 in Throwing
 20715 | Lair:3   | Found a runed translucent gate.
 20715 | Lair:3   | Found a runed translucent gate.
 20716 | Lair:3   | Found a runed translucent gate.
 20870 | Lair:3   | Reached skill level 17 in Axes
 21130 | Lair:3   | Noticed Xetequo's ghost (journeyman MiFi)
 21130 | Lair:3   | Noticed Caeppaus's ghost (journeyman GrFi)
 21374 | Lair:3   | Identified a scroll of acquirement
 21374 | Lair:3   | Acquired the ring of Amorality {rElec rPois rF+ Str+4
                  | Stlth-}
 21432 | Lair:3   | Quit the game

Illustrated notes

Levels and vault maps discovered:
D:1:      lordsloth_arrival_two_stooges, layout_basic, grunt_decor_fettered,
          minmay_misc_feat_diagonals, nicolae_concentric_dashed_squares_wild
D:2:      layout_rooms, hangedman_decor_clover_reticule
D:3:      layout_basic, serial_shops, shop, kennysheep_path_1
D:4:      layout_rooms, temple_doors_e, uniq_duvessa, uniq_ijyb
D:5:      layout_loops_cross, nicolae_uskayaw_suspiria, item_on_display_a
D:6:      layout_rooms, nicolae_overflow_hidden_temple, grunt_ministairs_6
D:7:      layout_loops_ring, nicolae_ru_awakened_eye, palyth_stone_intersect,
          minmay_misc_feat_alley, minivault_27, uniq_joseph
D:8:      layout_loops_ring, ebering_ghost_disaster_area,
          nicolae_shop_self_help, uniq_harold, uniq_erica, uniq_prince_ribbit1
D:9:      layout_grid_maze, grunt_lair_entry_orc_guard_hut
D:10:     layout_loops_cross, mainiacjoe_overflow_alcove_2,
          kennysheep_little_box
Lair:1:   layout_small_grid, minivault_27, grunt_forest_small_clearing_treed,
          uniq_maggie
Lair:2:   layout_cave_pods, swamp_mist_pool
Lair:3:   layout_cave_pods, dummy_spider_entry, gammafunk_ghost_cemetery,
          beast_lair_carwin_4, uniq_snorg

Skill      XL: |  1  2  3  4  5  6  7  8  9 10 11 12 |
---------------+-------------------------------------+-----
Axes           | 3 4 5 6 7 9 11 13 14 15 17 | 17.0
Throwing       | 5 8 10 | 10.4
Fighting       | |  3.0
Armour         | |  1.7
Dodging        | |  1.7

Action                   |  1- 3 |  4- 6 |  7- 9 | 10-12 || total
-------------------------+-------+-------+-------+-------++-------
Melee: Hand axe          |   130 |    85 |    20 |   919 ||  1154
       Punch             |     1 |     1 |     2 |    10 ||    14
       Touch             |     5 |    12 |    38 |   168 ||   223
       War axe           |       |     6 |   183 |       ||   189
       Scimitar          |       |       |       |    23 ||    23
Throw: Stone             |       |     6 |    12 |    31 ||    49
       Dart              |       |     2 |     3 |    16 ||    21
       Boomerang         |       |       |       |    48 ||    48
       Throwing net      |       |       |       |     1 ||     1
Invok: Berserk           |     4 |     5 |    15 |    18 ||    42
       Trog's Hand       |       |     2 |     2 |     2 ||     6
       Brothers in Arms  |       |       |       |     1 ||     1
Evoke: Wand              |       |     6 |     2 |     1 ||     9
  Use: Potion            |       |     2 |     2 |     6 ||    10
       Scroll            |       |       |       |    15 ||    15
 Stab: Paralysed         |       |       |       |     3 ||     3
       Invisible         |       |       |       |     4 ||     4
Armor: Animal skin       |    33 |     8 |       |       ||    41
       Skin              |       |     6 |       |       ||     6
       Robe              |       |       |    40 |    27 ||    67
       Acid dragon scale |       |       |       |     6 ||     6
       Chain mail        |       |       |       |   262 ||   262
Dodge: Dodged            |   105 |    42 |    92 |   283 ||   522
Block: Other             |    33 |    24 |    52 |   149 ||   258
       Reflection        |       |     1 |       |       ||     1

Table legend: (Time is in decaauts)
 A = Elapsed time spent in this place.
 B = Non-inter-level travel time spent in this place.
 C = Inter-level travel time spent in this place.
 D = Time resting spent in this place.
 E = Time spent auto-exploring this place.
 F = Levels seen in this place.
 G = Mean time per level.
                   A        B        C        D        E       F      G
               +--------+--------+--------+--------+--------+-----+--------+
         Total |  21910 |  21084 |    826 |   9232 |   9028 |  13 | 1685.4 |
       Dungeon |  12387 |  11642 |    745 |   4184 |   5868 |  10 | 1238.7 |
          Lair |   9522 |   9442 |     80 |   5048 |   3159 |   3 | 3174.0 |
               +--------+--------+--------+--------+--------+-----+--------+

Top non-repeatable levels by time:
  Lair:3: 3332 daAuts
  Lair:1: 3239 daAuts
  Lair:2: 2951 daAuts
     D:5: 2088 daAuts
     D:9: 1731 daAuts
     D:7: 1710 daAuts
     D:8: 1445 daAuts
     D:2: 1404 daAuts
     D:4: 1242 daAuts
     D:1: 1125 daAuts
     D:6: 875 daAuts
     D:3: 762 daAuts
    D:10: 1 daAuts
